 Dungeon Crawl Stone Soup version 0.31-a0-542-gdc2a67831c (webtiles) character file.

Game seed: 5546051260935354187

94 Newt the Trooper (level 4, -3/35 HPs)
             Began as a Demonspawn Fighter on Aug 14, 2023.
             Killed by nerve-wracking pain
             ... invoked by Grinder
              (5 damage)
             ... on level 3 of the Dungeon.
             The game lasted 00:02:31 (2436 turns).

Newt the Trooper (Demonspawn Fighter)               Turns: 2436, Time: 00:02:31

Health: -3/35      AC:  7    Str: 15 (17) XL:     4   Next: 38%
Magic:  4/4        EV: 10    Int: 10 (13) God:
Gold:   141        SH:  5    Dex: 16 (18) Spells: 3/3 levels left

rFire   . . .        o - +4 whip
rCold   . . .        c - +0 buckler
rNeg    . . .        b - +0 scale mail
rPois   .            (no helmet)
rElec   .            (no cloak)
rCorr   .            (no gloves)
SInv    .            n - +0 pair of boots
Will    .....        (no amulet) Stlth
                     s - +6 ring of dexterity
HPRegen 0.25/turn    (no ring)
MPRegen 0.09/turn

%: no passive effects
@: mighty, hasted, invisible, very quick
A: icemail 1, condensation shield, clever 1
a: no special abilities


You were on level 3 of the Dungeon.
You visited 1 branch of the dungeon, and saw 3 of its levels.

You collected 141 gold pieces.

Inventory:

Hand Weapons
 a - a +0 rapier
 l - a +0 whip of venom
 o - a +4 whip (weapon)
Missiles
 k - 5 boomerangs
Armour
 b - a +0 scale mail (worn)
 c - a +0 buckler (worn)
 n - a +0 pair of boots (worn)
Jewellery
 s - a +6 ring of dexterity (left hand)
Potions
 e - a potion of lignification
 f - a potion of degeneration
 j - a potion of curing
 m - a potion of heal wounds {unknown}


   Skills:
 - Level 3.0 Fighting
 - Level 3.0 Short Blades
 - Level 2.6 Armour
 + Level 2.8 Dodging
 - Level 2.6 Shields


You had 3 spell levels left.
You didn't know any spells.
Your spell library contained the following spells:

 Spells                   Type           Power      Damage    Failure   Level
 Sublimation of Blood     Necr           0%         N/A       96%         2
 Petrify                  Tmut/Erth      0%         N/A       100%        4
 Irradiate                Conj/Tmut      0%         3d11      100%        5


Dungeon Overview and Level Annotations

Branches:
Dungeon (3/15)

Altars:

Annotations:
D:3 Grinder


Innate Abilities, Weirdness & Mutations

A meltable icy envelope protects you from harm. (AC +0)
A meltable shield of frost defends you. (SH +0)
Your mind is acute. (Int +4, Str/Dex -1)


Message History

Unknown command.
Unknown command.
Unknown command.
You feel very mighty all of a sudden.
You closely miss Grinder.
Grinder is heavily wounded.
Grinder gestures at you. You resist with significant effort.
You closely miss Grinder.
Grinder is heavily wounded.
Grinder says, "Wait up."
Grinder zaps a wand.
The puff of flame hits you.
You whack Grinder!
Grinder is severely wounded.
Grinder barely misses you.
You closely miss Grinder.
Grinder is severely wounded.
Grinder gestures at you. Pain shoots through your body!
You barely miss Grinder.
Grinder is severely wounded.
Grinder says, "Tell me all your secrets, or I'll kill you."
Grinder gestures at you. Pain shoots through your body!
* * * LOW HITPOINT WARNING * * *
It was a potion of degeneration.
There was something very wrong with that liquid.
You feel weakened.
You feel dopey.
You feel clumsy.
Grinder blinks!
It was a potion of curing.
You feel better.
Grinder zaps a wand.
The puff of flame hits you!
* * * LOW HITPOINT WARNING * * *
It was a potion of haste.
You feel yourself speed up.
It was a potion of mutation.
You feel extremely strange.
You feel stronger.
You feel weaker.
You feel clever.
It was a potion of invisibility.
You fade into invisibility!
Grinder gestures at you. Pain shoots through your body!
You die...

#.. #.# #.# #.# #.#
#.###### #.# ##...... #
#.####........ #.
###.#..........#
#.###...@..####....#
#.......#.#5..#....####.
#.##...####.#...#.........
#.......# #.#..)#...<.....
###..##.# #......#........
#...###.########†#........
+.>.......######.#........
#....##..........#........
#....(...........#)....(..


You could see Grinder (unable to see you).

Vanquished Creatures
  A hound (D:2)
  An adder (D:3)
  5 ball pythons
  3 endoplasms (D:1)
  A giant cockroach (D:1)
  3 goblins
  3 hobgoblins (D:1)
  3 jackals (D:3)
  12 kobolds
  3 quokkas
  6 bats
  10 frilled lizards
  9 rats
60 creatures vanquished.

Notes
Turn   | Place    | Note
-------+----------+-------------------------------------------
     0 | D:1      | Newt the Demonspawn Fighter began the quest for the Orb.
     0 | D:1      | Reached XP level 1. HP: 18/18 MP: 1/1
   255 | D:1      | Gained mutation: A meltable shield of frost defends you.
                  | (SH +0) [demonic ancestry]
   255 | D:1      | Reached XP level 2. HP: 24/24 MP: 2/2
   673 | D:1      | Reached XP level 3. HP: 29/29 MP: 3/3
   780 | D:1      | Reached skill level 1 in Dodging
  1912 | D:2      | Gained mutation: A meltable icy envelope protects you from
                  | harm. (AC +0) [demonic ancestry]
  1912 | D:2      | Reached XP level 4. HP: 35/35 MP: 4/4
  2407 | D:3      | Noticed Grinder
  2423 | D:3      | Paralysed by Grinder for 2 turns
  2435 | D:3      | Gained mutation: Your muscles are strong. (Str +4, Int/Dex
                  | -1) [potion of mutation]
  2435 | D:3      | Lost mutation: Your muscles are strong. (Str +4, Int/Dex
                  | -1) [potion of mutation]
  2435 | D:3      | Gained mutation: Your mind is acute. (Int +4, Str/Dex -1)
                  | [potion of mutation]
  2436 | D:3      | Killed from afar by Grinder

Illustrated notes

Levels and vault maps discovered:
D:1:      denvon_arrival_planthouse, layout_basic, minmay_misc_feat_x,
          st_stairs_4, nrook_campfire
D:2:      layout_basic, minmay_lizard_king
D:3:      layout_basic, uniq_grinder, uniq_ijyb, uniq_natasha

Skill      XL: |  1  2  3 |
---------------+----------+-----
Short Blades   | 2 3 |  3.0
Dodging        | 2 |  2.8
Fighting       | |  3.0
Armour         | |  2.6
Shields        | |  2.6

Action                     |  1- 3 |  4- 6 || total
---------------------------+-------+-------++-------
  Melee: Rapier            |   101 |       ||   101
         Whip              |    61 |    50 ||   111
    Use: Scroll            |     3 |     3 ||     6
         Potion            |       |     6 ||     6
 Armour: Scale mail        |    64 |    11 ||    75
  Dodge: Dodged            |    76 |    33 ||   109
  Block: Buckler           |    95 |    24 ||   119

Table legend: (Time is in decaauts)
 A = Elapsed time spent in this place.
 B = Non-inter-level travel time spent in this place.
 C = Inter-level travel time spent in this place.
 D = Time resting spent in this place.
 E = Time spent auto-exploring this place.
 F = Levels seen in this place.
 G = Mean time per level.
                   A        B        C        D        E       F      G
               +--------+--------+--------+--------+--------+-----+--------+
         Total |   2459 |   2400 |     59 |    335 |   1584 |   3 |  819.7 |
       Dungeon |   2459 |   2400 |     59 |    335 |   1584 |   3 |  819.7 |
               +--------+--------+--------+--------+--------+-----+--------+

Top non-repeatable levels by time:
     D:1: 1273 daAuts
     D:2: 1038 daAuts
     D:3: 147 daAuts
